 Dungeon Crawl Stone Soup version 0.30-a0-365-ge7f957f1db (webtiles) character file.

Game seed: 17221295988906853819

14944 avis the Skirmisher (level 11, -2/97 HPs)
             Began as a Demigod Ice Elementalist on Nov 16, 2022.
             Slain by a two-headed ogre
             ... wielding a +0 giant club of flaming
              (11 damage)
             ... in a volcano on Nov 17, 2022.
             The game lasted 01:48:05 (15098 turns).

avis the Skirmisher (Demigod Ice Elementalist)     Turns: 15098, Time: 01:48:06

Health: -2/97      AC: 16    Str:  9    XL:     11   Next: 64%
Magic:  15/20      EV: 18    Int: 17    God:
Gold:   507        SH:  0    Dex: 38    Spells: 9/18 levels left

rFire   . . .      SeeInvis .    b - +0 arbalest
rCold   . . .      Faith    .    (shield currently unavailable)
rNeg    . . .      Spirit   .    W - +0 steam dragon scales
rPois   .          Reflect  .    s - +2 hat {Stlth+}
rElec   .          Harm     .    D - +0 cloak
rCorr   .          Rampage  .    m - +0 pair of gloves
Will    +....                    (no boots)
Stlth   ++++......               (no amulet)
HPRegen 0.36/turn                k - +6 ring of dexterity
MPRegen 0.17/turn                x - +6 ring of dexterity

@: ice-armoured, freezing walls, hasted, very quick
A: high MP 1, forlorn, divine attributes
a: no special abilities


You were in a volcano.
You visited 3 branches of the dungeon, and saw 14 of its levels.
You also visited: Volcano.

You collected 675 gold pieces.
You spent 168 gold pieces at shops.

Inventory:

Hand Weapons
 a - a +1 dagger of speed
 b - a +0 arbalest (weapon)
 c - a +3 falchion of freezing
 w - a +2 short sword of venom
 M - a +0 mace of protection
Missiles
 f - 3 curare-tipped darts
 h - a throwing net
 E - 31 poisoned darts
 O - a boomerang
Armour
 m - a +0 pair of gloves (worn)
 s - a +2 hat of stealth (worn)
 D - a +0 cloak (worn)
 W - +0 steam dragon scales (worn)
Jewellery
 k - a +6 ring of dexterity (left hand)
 x - a +6 ring of dexterity (right hand)
Wands
 z - a wand of flame (25)
 L - a wand of paralysis (5)
 P - a wand of light (3)
 U - a wand of polymorph (7)
 Y - a wand of roots (4)
Scrolls
 d - 2 scrolls of vulnerability
 j - a scroll of silence
 q - 5 scrolls of fear
 r - 2 scrolls of noise
 t - a scroll of magic mapping
 u - 7 scrolls of teleportation
 v - 6 scrolls of fog {unknown}
 C - a scroll of summoning
 N - 3 scrolls of blinking
Potions
 e - 4 potions of might
 g - 2 potions of ambrosia
 o - 3 potions of brilliance
 A - a potion of flight
 G - 2 potions of magic
 I - 3 potions of curing
 J - 5 potions of cancellation


   Skills:
 - Level 9.0 Fighting
 * Level 13.0 Ranged Weapons
 - Level 3.0 Armour
 - Level 5.0 Dodging
 - Level 2.0 Stealth
 - Level 4.0 Spellcasting
 - Level 6.0 Ice Magic


You had 9 spell levels left.
You knew the following spells:

 Your Spells              Type           Power      Damage    Failure   Level
a - Freeze                Ice            92%        1d9       1%          1
e - Ensorcelled Hibernat  Hex/Ice        26%        N/A       7%          2
o - Ozocubu's Armour      Ice            23%        N/A       4%          3
r - Frozen Ramparts       Ice            46%        1d7       4%          3

Your spell library contained the following spells:

 Spells                   Type           Power      Damage    Failure   Level
 Beastly Appendage        Tmut           6%         N/A       16%         1
 Magic Dart               Conj           12%        1d3       16%         1
 Cigotuvi's Dreadful Rot  Necr/Pois/Air  6%         N/A       24%         2
 Passwall                 Tmut/Erth      2%         N/A       24%         2
 Poisonous Vapours        Pois/Air       6%         N/A       24%         2
 Scorch                   Fire           6%         2d5       24%         2
 Searing Ray              Conj           6%         2d4       24%         2
 Sublimation of Blood     Necr           3%         N/A       24%         2
 Wereblood                Tmut           3%         N/A       24%         2
 Summon Ice Beast         Ice/Summ       13%        N/A       41%         4
 Dazzling Flash           Conj/Hex       6%         N/A       43%         3
 Gell's Gravitas          Tloc           3%         N/A       43%         3
 Ignite Poison            Fire/Tmut/Pois 3%         N/A       43%         3
 Kindle Blastsparks       Fire/Tloc/Air  6%         2d10      43%         3
 Lesser Beckoning         Tloc           6%         N/A       43%         3
 Mephitic Cloud           Conj/Pois/Air  3%         N/A       43%         3
 Spider Form              Tmut/Pois      3%         N/A       43%         3
 Swiftness                Air            3%         N/A       43%         3
 Teleport Other           Tloc           3%         N/A       43%         3
 Flame Wave               Conj/Fire      3%         2d5       83%         4
 Fulminant Prism          Conj/Hex       1%         3d5       83%         4
 Iskenderun's Mystic Bla  Conj/Tloc      3%         2d3       83%         4
 Petrify                  Tmut/Erth      3%         N/A       83%         4
 Freezing Cloud           Conj/Ice/Air   5%         6-21      88%         5
 Irradiate                Conj/Tmut      1%         3d12      99%         5
 Summon Forest            Summ/Tloc      1%         N/A       99%         5
 Eringya's Noxious Bog    Tmut/Pois      1%         N/A       100%        6
 Starburst                Conj/Fire      1%         6d3       100%        6
 Summon Cactus Giant      Summ           1%         N/A       100%        6
 Summon Hydra             Summ           1%         N/A       100%        7


Dungeon Overview and Level Annotations

Branches:
Dungeon (11/15)            Temple (1/1) D:4            Lair (0/5) D:8
    Orc (2/2) D:11            Elf (0/3) Orc:2       Volcano (1/1)

Shops:
D:7 ((:([   D:10 !   D:11 *

Annotations:
D:4 1 runed translucent door, GiantSquids's ghost, novice OpFi
D:6 1 runed translucent door, bande's ghost, novice GrFi
D:10 1 runed translucent door
D:11 2 transporters, LnG's ghost, journeyman KoSu
Orc:1 1 runed translucent door, Degu's ghost, journeyman DsBe


Innate Abilities, Weirdness & Mutations

You have an increased reservoir of magic. (+10% MP)
You shall have no god before yourself.
Your divine heritage dramatically boosts your attributes as you level up.


Message History

The roots release their grip on the two-headed ogre. x2
The red draconian is no longer moving slowly.
The roots release their grip on the red draconian.
The roots release their grip on the two-headed ogre.
The wall freezes the two-headed ogre.
The two-headed ogre hits you but does no damage. x2
The wall freezes the two-headed ogre.
Fire: b) +0 arbalest
Press: ? - help, Q - select action, (/) - cycle Shift-Dir - straight line, f/p - two-headed ogre
Aim: a two-headed ogre, wielding a +1 great mace of flaming and a +0 giant club of flaming (heavily wounded, 83% to hit)
You shoot a bolt.
The bolt hits the two-headed ogre but does no damage.
The two-headed ogre is heavily wounded.
The wall freezes something.
Something closely misses you.
The wall freezes the two-headed ogre but does no damage.
The two-headed ogre hits you with a +1 great mace of flaming.
The two-headed ogre burns you.
The two-headed ogre completely misses you.
The wall freezes the red draconian but does no damage.
The red draconian drinks a potion.
The red draconian seems to speed up.
The wall freezes the two-headed ogre.
The two-headed ogre completely misses you.
The two-headed ogre hits you with a +0 giant club of flaming!
* * * LOW HITPOINT WARNING * * *
The two-headed ogre burns you.
* * * LOW HITPOINT WARNING * * *
The wall freezes the molten gargoyle.
The wall freezes the two-headed ogre.
The wall freezes the red draconian but does no damage.
The heat melts your icy armour.
You feel yourself speed up.
The wall freezes something.
Something hits you!
* * * LOW HITPOINT WARNING * * *
Something burns you.
* * * LOW HITPOINT WARNING * * *
The wall freezes the molten gargoyle but does no damage.
The wall freezes the two-headed ogre.
The wall freezes the red draconian.
The red draconian seems to slow down.
The wall freezes the two-headed ogre but does no damage.
The two-headed ogre misses you. x2; The wall freezes the two-headed ogre.
The two-headed ogre hits you with a +0 giant club of flaming!
You die...

##.......≈≈§§..#
#...##.......##
#8.8###.....##
##.## ##...## #.#
#..## #### ##+##
####
##....##..°##....##
#$.....))∩.'.....$#
#$8..⌠.#O@O#.⌠..8$#
#$.....##'##.....$#
##....#


dO9 #....## ###8# #...# #8### #d '._.' )# . .#...#. . ## ###.### ## ### You
could see a red draconian (fast, slow), 3 two-headed ogres and a molten
gargoyle.

Vanquished Creatures
  5 two-headed ogres
  Pikel (D:7)
  An orc knight (D:11)
  Maggie (D:7)
  A rime drake (D:8)
  A tarantella (shapeshifter) (D:8)
  A polar bear (D:8)
  2 trolls
  A hornet (D:10)
  Sigmund (D:2)
  3 shadows
  3 wraiths
  Eustachio (D:3)
  3 fire bats (Volcano)
  4 yaks (D:8)
  3 steam dragons
  A vampire mosquito (D:8)
  Menkaure (D:7)
  An acid dragon (D:11)
  3 water moccasins
  9 orc warriors
  6 ice beasts
  2 black bears
  3 wolves (D:8)
  An ogre (D:5)
  3 centaurs
  4 lemures
  A phantom (D:6)
  7 kobold brigands
  2 bullfrogs
  2 gnoll sergeants
  6 scorpions
  A necrophage (D:6)
  11 wights
  15 killer bees
  5 howler monkeys
  7 lava snakes
  3 jellies
  4 hounds
  A gnoll bouda (D:7)
  17 orc priests
  Natasha (thrice) (D:3)
  2 iguanas
  10 orc wizards
  Robin (D:2)
  11 gnolls
  An adder (D:5)
  A white imp (D:8)
  A worm (D:2)
  2 dart slugs
  55 orcs
  9 endoplasms
  4 giant cockroaches
  11 goblins
  5 hobgoblins (D:2)
  3 jackals (D:1)
  35 kobolds
  A quokka (D:2)
  2 ball pythons
  5 bats
  A frilled lizard (D:3)
  2 rats
313 creatures vanquished.

Notes
Turn   | Place    | Note
-------+----------+-------------------------------------------
     0 | D:1      | avis the Demigod Ice Elementalist began the quest for the
                  | Orb.
     0 | D:1      | Reached XP level 1. HP: 14/14 MP: 5/5
   536 | D:1      | Reached XP level 2. HP: 20/20 MP: 1/7
   981 | D:1      | Reached skill level 1 in Fighting
  1075 | D:2      | Noticed Sigmund
  1515 | D:2      | Reached XP level 3. HP: 28/28 MP: 9/9
  1519 | D:2      | Learned a level 3 spell: Frozen Ramparts
  1521 | D:2      | Learned a level 1 spell: Beastly Appendage
  1741 | D:2      | You fall into a shaft and drop 1 floor!
  2180 | D:2      | Noticed Robin
  2238 | D:2      | Killed Robin
  2239 | D:2      | Reached XP level 4. HP: 28/36 MP: 3/10
  2658 | D:2      | Learned a level 3 spell: Ozocubu's Armour
  2667 | D:2      | Killed Sigmund
  2668 | D:2      | Reached skill level 5 in Ice Magic
  2668 | D:2      | Reached XP level 5. HP: 31/44 MP: 3/12
  3055 | D:3      | Noticed Natasha
  3076 | D:3      | Killed Natasha
  3077 | D:3      | Reached XP level 6. HP: 45/51 MP: 5/14
  3162 | D:3      | Noticed Natasha
  3164 | D:3      | Killed Natasha
  3583 | D:3      | Noticed Natasha
  3588 | D:3      | Killed Natasha
  4219 | D:4      | Noticed Eustachio
  4397 | D:3      | Killed Eustachio
  4398 | D:3      | Reached skill level 5 in Fighting
  4398 | D:3      | Reached XP level 7. HP: 59/61 MP: 9/16
  4546 | D:4      | Reached skill level 1 in Armour
  4688 | D:4      | Found a staircase to the Ecumenical Temple.
  4736 | D:4      | Found a runed translucent door.
  4737 | D:4      | Noticed GiantSquids's ghost (novice OpFi)
  5160 | D:4      | Upgraded the game from 0.30-a0-364-gf6b3ef1049 to
                  | 0.30-a0-365-ge7f957f1db
  5170 | D:5      | Entered Level 5 of the Dungeon
  5174 | D:5      | Learned a level 2 spell: Ensorcelled Hibernation
  5245 | Temple   | Entered the Ecumenical Temple
  5894 | D:5      | Reached XP level 8. HP: 70/70 MP: 10/17
  6317 | D:6      | Reached skill level 1 in Ranged Weapons
  6318 | D:6      | Reached skill level 2 in Ranged Weapons
  6644 | D:6      | Reached skill level 3 in Ranged Weapons
  6877 | D:6      | Reached skill level 4 in Ranged Weapons
  6969 | D:6      | Found a runed translucent door.
  6970 | D:6      | Noticed bande's ghost (novice GrFi)
  7593 | D:7      | Noticed Pikel
  7720 | D:7      | Found Taduid's Weapon Shoppe.
  7755 | D:7      | Reached skill level 5 in Ranged Weapons
  7888 | D:7      | Killed Pikel
  7889 | D:7      | Reached skill level 6 in Ranged Weapons
  7889 | D:7      | Reached XP level 9. HP: 74/77 MP: 12/18
  7929 | D:7      | Found Koeppoj's Antique Armour Shop.
  7939 | D:7      | Bought a heavily runed leather armour for 168 gold pieces
  7939 | D:7      | Identified the +0 leather armour "Juarghip" {Rampage rC+++
                  | Str-3 Stlth+} (You bought it in a shop on level 7 of the
                  | Dungeon)
  8010 | D:7      | Found Pearej's Antique Weapon Emporium.
  8023 | D:7      | Found Pimimiq's Book Shoppe.
  8749 | D:7      | Noticed Menkaure
  8753 | D:7      | Killed Menkaure
  8870 | D:7      | Noticed Maggie
  8876 | D:7      | Killed Maggie
  8877 | D:7      | Reached skill level 7 in Ranged Weapons
  9100 | D:7      | Found Gusm's Antique Weapon Boutique.
  9291 | D:8      | Reached skill level 8 in Ranged Weapons
  9484 | D:8      | Reached XP level 10. HP: 86/86 MP: 12/19
  9847 | D:8      | Reached skill level 9 in Ranged Weapons
  9947 | D:8      | Reached skill level 10 in Ranged Weapons
  9956 | D:8      | Found a staircase to the Lair.
 10409 | D:8      | Reached skill level 5 in Dodging
 10707 | D:8      | Noticed a two-headed ogre
 10714 | D:8      | Killed a two-headed ogre
 11147 | D:9      | Noticed a two-headed ogre
 11200 | D:8      | Killed a two-headed ogre
 11619 | D:9      | Reached skill level 11 in Ranged Weapons
 11823 | D:9      | Noticed a two-headed ogre
 11825 | D:9      | Killed a two-headed ogre
 11826 | D:9      | Reached XP level 11. HP: 86/94 MP: 14/20
 12627 | D:10     | Entered Level 10 of the Dungeon
 13007 | D:10     | Found a runed translucent door.
 13134 | D:10     | Reached skill level 12 in Ranged Weapons
 13543 | D:10     | Found Jeinyst's Distillery.
 13943 | D:11     | Found a staircase to the Orcish Mines.
 14038 | D:11     | Noticed an orc knight
 14055 | D:11     | Killed an orc knight
 14243 | D:11     | Found a transporter.
 14277 | D:11     | Found a transporter.
 14299 | D:11     | Noticed LnG's ghost (journeyman KoSu)
 14334 | D:11     | Found Epucudoq's Overcharged Wands.
 14721 | Orc:1    | Entered Level 1 of the Orcish Mines
 14741 | Orc:1    | Found a runed translucent door.
 14741 | Orc:1    | Noticed Degu's ghost (journeyman DsBe)
 14743 | Orc:1    | You fall into a shaft and drop 1 floor!
 14743 | Orc:2    | Entered Level 2 of the Orcish Mines
 14743 | Orc:2    | Noticed an orc knight
 14744 | Orc:2    | Noticed an orc knight
 14817 | Orc:1    | Found a dark tunnel.
 14823 | Volcano  | Entered a volcano
 14894 | Volcano  | Noticed a two-headed ogre
 14897 | Volcano  | Noticed a two-headed ogre
 14898 | Volcano  | Killed a two-headed ogre
 14899 | Volcano  | Noticed a red draconian
 14906 | Volcano  | Killed a two-headed ogre
 14907 | Volcano  | Reached skill level 13 in Ranged Weapons
 15092 | Volcano  | Noticed a two-headed ogre
 15092 | Volcano  | Noticed an ogre mage
 15092 | Volcano  | Noticed a two-headed ogre
 15092 | Volcano  | Noticed a two-headed ogre
 15098 | Volcano  | Slain by a two-headed ogre

Illustrated notes

Levels and vault maps discovered:
D:1:      scummos_arrival_forest, layout_basic
D:2:      layout_loops_cross, basic_altar, skrybe_limestone_x,
          minmay_misc_feat_ornament, uniq_robin, uniq_sigmund
D:3:      layout_basic, old_standard_altar, nicolae_kite_square_tiling_tiny,
          uniq_natasha
D:4:      layout_gridville, minmay_temple_entry_tees, gammafunk_ghost_grave,
          kennysheep_cross_bottleneck, serial_bayou_pond_e, uniq_eustachio
D:5:      minmay_skewed_foursquare, layout_rooms
D:6:      layout_cave_pods, gammafunk_ghost_grave
D:7:      layout_basic, serial_shops, nicolae_shop_bloodbath_and_beyond,
          nicolae_shop_advertising_works [nicolae_subvault_shop_adworks],
          kennysheep_mini_moat, nicolae_shop_crystal, shop, uniq_maggie,
          uniq_pikel, uniq_menkaure
D:8:      minmay_distorted_concentric_squares, layout_loops_cross,
          nicolae_uskayaw_suspiria, hellmonk_lair_entry_icy
D:9:      layout_stronghold, minmay_misc_feat_plants
D:10:     layout_irregular_city, dk_yredelemnul_ordeal, serial_shops,
          shop_statue, minmay_statues_item
D:11:     layout_basic, hiddenorc1_lemuel, gammafunk_ghost_stat_death,
          grunt_ministairs_11, nicolae_shop_overcharged_wands
Temple:   nicolae_temple_bog_church
Orc:1:    layout_diamond_mine, hellmonk_ghost_happy_afterlife, enter_volcano_4,
          portal_ice_cave_demonic_guard, roderic_batcave
Orc:2:    st_orc_pillars, layout_caves
Volcano:  volcano_grotto [vgs_many_chambers]

Skill      XL: |  1  2  3  4  5  6  7  8  9 10 11 |
---------------+----------------------------------+-----
Ice Magic      | 4 5 6 |  6.0
Spellcasting   | 2 3 4 |  4.0
Fighting       | 1 2 3 5 6 7 8 9 |  9.0
Dodging        | 2 3 4 5 |  5.0
Stealth        | 2 |  2.0
Armour         | 2 3 |  3.0
Ranged Weapons | 6 8 11 13 | 13.0

Action                   |  1- 3 |  4- 6 |  7- 9 | 10-12 || total
-------------------------+-------+-------+-------+-------++-------
Melee: Whip              |     6 |       |       |       ||     6
       Dagger            |    24 |    51 |    10 |       ||    85
       Headbutt          |     1 |     1 |     2 |       ||     4
       Kick              |       |     4 |     1 |       ||     5
       Punch             |       |     1 |     1 |       ||     2
       Rapier            |       |       |    28 |       ||    28
 Fire: Arbalest          |       |       |   137 |   296 ||   433
 Cast: Freeze            |    70 |    22 |    12 |       ||   104
       Beastly Appendage |     1 |     2 |     1 |       ||     4
       Frozen Ramparts   |       |    15 |    29 |    38 ||    82
       Ozocubu's Armour  |       |    12 |    32 |    40 ||    84
Evoke: Wand              |       |       |       |     1 ||     1
  Use: Scroll            |       |       |    10 |    16 ||    26
       Potion            |       |       |     2 |     2 ||     4
 Stab: Sleeping          |     3 |     3 |     4 |       ||    10
       Distracted        |       |     1 |       |       ||     1
Armor: Robe              |    27 |    26 |    34 |       ||    87
       Steam dragon scal |       |       |     8 |    55 ||    63
       Leather armour    |       |       |     2 |       ||     2
Dodge: Dodged            |    55 |    78 |    82 |   186 ||   401

Table legend: (Time is in decaauts)
 A = Elapsed time spent in this place.
 B = Non-inter-level travel time spent in this place.
 C = Inter-level travel time spent in this place.
 D = Time resting spent in this place.
 E = Time spent auto-exploring this place.
 F = Levels seen in this place.
 G = Mean time per level.
                   A        B        C        D        E       F      G
               +--------+--------+--------+--------+--------+-----+--------+
         Total |  15330 |  13604 |   1726 |   4652 |   5508 |  15 | 1022.0 |
       Dungeon |  14899 |  13178 |   1721 |   4470 |   5508 |  11 | 1354.5 |
        Temple |     47 |     42 |      5 |      0 |      0 |   1 |   47.0 |
  Orcish Mines |    102 |    102 |      0 |      5 |      0 |   2 |   51.0 |
       Volcano |    281 |    281 |      0 |    177 |      0 |   1 |  281.0 |
               +--------+--------+--------+--------+--------+-----+--------+

Top non-repeatable levels by time:
     D:3: 1837 daAuts
     D:8: 1768 daAuts
     D:7: 1739 daAuts
     D:6: 1630 daAuts
     D:2: 1386 daAuts
     D:9: 1181 daAuts
     D:4: 1175 daAuts
     D:5: 1091 daAuts
    D:10: 1060 daAuts
     D:1: 1057 daAuts
    D:11: 971 daAuts
 Volcano: 281 daAuts
   Orc:1: 88 daAuts
  Temple: 47 daAuts
   Orc:2: 13 daAuts
